 Dungeon Crawl Stone Soup version 0.31-a0-7-g51783674b7 (webtiles) character file.

Game seed: 3896380311455490988

273996 bakla the Unseen (level 19, 155/155 HPs)
             Began as a Demonspawn Brigand on May 3, 2023.
             Was a High Priest of Wu Jian.
             Quit the game on level 2 of the Lair of Beasts on May 5, 2023.
             The game lasted 02:38:45 (38253 turns).

bakla the Unseen (Demonspawn Brigand)              Turns: 38253, Time: 02:38:45

Health: 155/155    AC: 15    Str: 11    XL:     19   Next: 52%
Magic:  35/35      EV: 29    Int: 13    God:    Wu Jian [*****.]
Gold:   655        SH:  6    Dex: 25    Spells: 26/28 levels left

rFire   + + .        b - +9 rapier (distort)
rCold   + + .        A - +1 buckler {rC+}
rNeg    . . .        a - +4 troll leather armour
rPois   .            O - +2 hat {Stlth+}
rElec   .            u - scarf {rC+ rF+}
rCorr   .            (gloves unavailable)
SInv    .            l - +1 pair of boots
Will    +....        X - amulet of regeneration
Stlth   +++++++++    g - +5 ring of evasion
HPRegen 2.05/turn    U - ring of flight
MPRegen 0.48/turn

%: guardian spirit
@: flying
A: claws 3, yellow scales 2, demonic guardian 2, magic shield, magic
regeneration, magic link, agile 1, fire resistance 1, high MP 1
}: 2/15 runes: serpentine, barnacled
a: Renounce Religion, Wall Jump, Serpent's Lash, Heavenly Storm


You were on level 2 of the Lair of Beasts.
You worshipped Wu Jian.
Wu Jian was extremely pleased with you.
You visited 7 branches of the dungeon, and saw 34 of its levels.
You visited 1 bazaar.
You also visited: Bailey and Ice Cave.

You collected 3052 gold pieces.
You spent 2397 gold pieces at shops.

Inventory:

Hand Weapons
 b - a +9 rapier of distortion (weapon)
Missiles
 c - 5 throwing nets
 K - 15 poisoned darts
 N - a curare-tipped dart
Armour
 a - a +4 troll leather armour (worn)
 d - the +3 ring mail "Cacka" {rElec rC- Will+}
   (You found it on level 1 of the Elven Halls)

   rC:        It makes you vulnerable to cold.
   rElec:     It insulates you from electricity.
   Will:      It increases your willpower.
 l - a +1 pair of boots (worn)
 r - a +1 cloak
 u - a scarf of resistance (worn)
 v - the +5 scale mail of the Vestibule of Hell {Will+ Str+3}
   (You found it on level 3 of the Lair of Beasts)

   Str:       It affects your strength (+3).
   Will:      It increases your willpower.
 A - a +1 buckler of cold resistance (worn)
 O - a +2 hat of stealth (worn)
Jewellery
 f - a +5 ring of evasion
 g - a +5 ring of evasion (left claw)
 j - a +6 ring of dexterity
 m - a +6 ring of dexterity
 o - a ring of poison resistance
 J - the amulet of Uloukk {Spirit Rampage Will+ rCorr}
   (You found it on level 13 of the Dungeon)

   [amulet of guardian spirit]

   It causes incoming damage to be divided between your reserves of health and
   magic.
   rCorr:     It protects you from acid and corrosion.
   Rampage:   It bestows one free step when moving towards enemies.
   Will:      It increases your willpower.
 U - a ring of flight (right claw)
 X - an amulet of regeneration (around neck)
Wands
 h - a wand of roots (1)
 I - a wand of digging (4)
 T - a wand of paralysis (26)
Scrolls
 p - 8 scrolls of teleportation
 s - 7 scrolls of silence
 t - 5 scrolls of fear
 y - 3 scrolls of amnesia
 D - 5 scrolls of magic mapping
 F - 7 scrolls of fog
 G - a scroll of brand weapon
 M - 6 scrolls of poison
 P - a scroll of vulnerability
 Q - 5 scrolls of identify
 V - 2 scrolls of immolation
 Y - 4 scrolls of blinking
Potions
 e - 6 potions of brilliance
 i - a potion of attraction
 k - 8 potions of mutation
 n - 3 potions of berserk rage
 q - 3 potions of haste
 w - 8 potions of might
 x - a potion of cancellation
 z - 4 potions of magic
 B - 9 potions of lignification
 C - 18 potions of curing
 E - 7 potions of ambrosia
 R - 2 potions of flight
 Z - a potion of invisibility
Miscellaneous
 S - a phantom mirror (inert)
 W - a box of beasts


   Skills:
 - Level 15.0 Fighting
 - Level 14.0 Short Blades
 - Level 1.7 Throwing
 - Level 1.4 Armour
 - Level 15.0 Dodging
 - Level 20.0 Stealth
 - Level 5.0 Spellcasting
 - Level 5.0 Transmutations
 + Level 18.3 Invocations


You had 26 spell levels left.
You knew the following spells:

 Your Spells              Type           Power      Damage    Failure   Level
a - Wereblood             Tmut           16%        N/A       7%          2

Your spell library contained the following spells:

 Spells                   Type           Power      Damage    Failure   Level
 Foxfire                  Conj/Fire      12%        2x1d4     36%         1
 Kiss of Death            Conj/Necr      12%        2d6       36%         1
 Shock                    Conj/Air       12%        1d3       36%         1
 Lesser Beckoning         Tloc           6%         N/A       50%         2
 Poisonous Vapours        Pois/Air       6%         N/A       50%         2
 Sublimation of Blood     Necr           3%         N/A       50%         2
 Confusing Touch          Hex            3%         N/A       73%         3
 Gell's Gravitas          Tloc           3%         N/A       73%         3
 Hailstorm                Conj/Ice       3%         3d3       73%         3
 Mephitic Cloud           Conj/Pois/Air  3%         N/A       73%         3
 Swiftness                Air            3%         N/A       73%         3
 Teleport Other           Tloc           3%         N/A       73%         3
 Volatile Blastmotes      Fire/Tloc      6%         2d10      73%         3
 Ice Form                 Ice/Tmut       9%         N/A       78%         4
 Petrify                  Tmut/Erth      9%         N/A       78%         4
 Blade Hands              Tmut           8%         N/A       78%         5
 Airstrike                Air            1%         2d(1-17)  98%         4
 Animate Armour           Summ/Erth      6%         N/A       98%         4
 Dispel Undead            Necr           3%         3d7       98%         4
 Fulminant Prism          Conj/Hex       1%         3d5       98%         4
 Iskenderun's Mystic Bla  Conj/Tloc      3%         2d3       98%         4
 Manifold Assault         Tloc           3%         N/A       98%         4
 Alistair's Intoxication  Tmut/Pois      6%         N/A       98%         5
 Borgnjor's Vile Clutch   Necr/Erth      1%         N/A       100%        5
 Fireball                 Conj/Fire      1%         3d3       100%        5
 Freezing Cloud           Conj/Ice/Air   1%         6-21      100%        5
 Lee's Rapid Deconstruct  Erth           1%         3d4*      100%        5
 Metabolic Englaciation   Hex/Ice        1%         N/A       100%        5
 Dispersal                Tloc           1%         N/A       100%        6
 Eringya's Noxious Bog    Tmut/Pois      4%         N/A       100%        6
 Iron Shot                Conj/Erth      1%         9d1       100%        6
 Plasma Beam              Fire/Air       1%         2x1d12    100%        6
 Simulacrum               Ice/Necr       1%         N/A       100%        6
 Starburst                Conj/Fire      1%         6d3       100%        6
 Statue Form              Tmut/Erth      6%         N/A       100%        6
 Storm Form               Tmut/Air       4%         N/A       100%        7
 Summon Hydra             Summ           1%         N/A       100%        7
 Disjunction              Tloc           1%         N/A       100%        8
 Maxwell's Capacitive Co  Air            1%         ∞         100%        8


Dungeon Overview and Level Annotations

Branches:
Dungeon (15/15)            Temple (0/1) D:5            Lair (5/5) D:11
 Shoals (4/4) Lair:2        Snake (4/4) Lair:3        Slime (0/5) Lair:5
    Orc (2/2) D:9             Elf (3/3) Orc:2        Vaults (0/5) D:13
 Depths (1/4) D:15         Bailey (visited)           IceCv (visited)

Altars:
Cheibriados
Dithmenos
Fedhas
Makhleb
Nemelex Xobeh
Okawaru
Qazlal
Vehumet
Wu Jian
Xom
Yredelemnul

Shops:
D:7 [   D:11 =   Orc:2 [=!(?   Shoals:1 *   Shoals:2 *   Shoals:4 *!
Snake:4 :

Portals:
Abyss: Depths:1
Trove: Elf:1 (show abyssal rune of Zot)

Annotations:
D:5 Grinder
Lair:2 exclusion: 2 oklob plants
Elf:2 3 runed translucent doors
Depths:1 2 transporters, exclusion: orange crystal statue
Abyss:1 Donald, Ilsuiw, Kirke


Innate Abilities, Weirdness & Mutations

You have claws for hands.
You are mostly covered in yellow scales. (AC +3)
A demonic guardian rushes to your aid.
When hurt, damage is shared between your health and your magic reserves.
You regenerate magic rapidly.
When low on magic, you restore magic in place of health.
You are agile. (Dex +4, Str/Int -1)
Your flesh is heat resistant. (rF+)
You have an increased reservoir of magic. (+10% MP)


Message History

Where to? (Enter - Shoals:4, ? - help) HP restored.
There is a stone staircase leading up here.
You fly upwards.
There is a stone staircase leading down here.
(D) Dungeon (T) Temple (L) Lair (A) Shoals (P) Snake Pit (M) Slime Pits (O) Orcish Mines (E) Elven Halls (V) Vaults (U) Depths
Where to? (Enter - Shoals:3, ? - help)
There is a stone staircase leading up here.
You fly upwards.
There is a stone staircase leading down here.
Unknown command.
Unknown command.
(D) Dungeon (T) Temple (L) Lair (A) Shoals (P) Snake Pit (M) Slime Pits (O) Orcish Mines (E) Elven Halls (V) Vaults (U) Depths
Where to? (Enter - Shoals:2, ? - help)
There is a stone staircase leading up here.
You fly upwards.
There is a stone staircase leading down here.
(D) Dungeon (T) Temple (L) Lair (A) Shoals (P) Snake Pit (M) Slime Pits (O) Orcish Mines (E) Elven Halls (V) Vaults (U) Depths
Where to? (Enter - Shoals:1, ? - help)
There is a staircase back to the Lair here.
You fly upwards.
Welcome back to the Lair of Beasts!
Level annotation: exclusion: 2 oklob plants
There is a staircase to the Shoals here.
Save game and exit?
Level annotation: exclusion: 2 oklob plants Welcome back, bakla the Demonspawn Brigand.
The Council says: Follow the path of wisdom and battle!
Press ? for a list of commands and other information.
Save game and exit?
Okay, then.
Save game and exit?
Okay, then.
Okay, then.
Are you sure you want to abandon this character and quit the game? (Confirm with "yes".)

#+.###.)....###..##..#
#+..###.....P#...##..##
.....##..........#....#
.....##....P.....##...##
......#....#.....##..#.#
.....#.....#.....##..#.###
.#.####....##.#.P##......#
..#.........##.......P#.##
................@...###.#
....................#≈#.##
....................#≈#).#
....................#≈#.##
.....................~..###
.....................~....#
.....................~.P#.#
#.##................#≈#####
###...#.............#≈#


There were no monsters in sight!

Vanquished Creatures
  Vashnia (Snake:4)
  Bai Suzhen (Shoals:4)
  Nikola (Shoals:4)
  Zenata (Elf:1)
  A kraken (Shoals:3)
  Gastronok (D:9)
  Polyphemus (Shoals:2)
  6 nagarajas
  A shadow dragon (Depths:1)
  2 deep elf sorcerers
  Aizul (Shoals:4)
  6 very ugly things (Depths:1)
  A stone giant (Depths:1)
  A deep elf annihilator (Elf:2)
  An ettin (Depths:1)
  A deep elf death mage (Elf:3)
  A fire dragon (D:13)
  A merfolk javelineer (Shoals:2)
  8 merfolk impalers
  An ice dragon (Depths:1)
  2 salamander tyrants
  4 hydras
  5 merfolk avatars
  5 catoblepae
  14 anacondas
  An alligator snapping turtle (Shoals:3)
  3 centaur warriors
  8 two-headed ogres
  8 boulder beetles
  A merfolk aquamancer (Shoals:4)
  A satyr (Shoals:3)
  10 naga warriors
  4 tengu warriors
  15 death yaks
  2 orc high priests
  9 dancing weapons
  3 shock serpents
  15 naga sharpshooters
  10 deep elf knights
  3 skysharks
  5 salamander mystics
  4 sea snakes
  11 naga ritualists
  A deep troll (D:15)
  A deep troll (shapeshifter) (D:15)
  12 harpies
  11 deep elf archers
  3 necromancers
  3 orc knights (Orc:2)
  Pikel (D:8)
  22 deep elf zephyrmancers
  30 deep elf pyromancers
  7 fauns
  16 mana vipers
  14 ugly things
  21 salamanders
  10 manticores
  A mana viper (shapeshifter) (Elf:1)
  7 cyclopes
  4 elephants
  A guardian serpent (shapeshifter) (D:13)
  10 merfolk sirens
  51 black mambas
  6 guardian serpents
  Maurice (D:8)
  4 water nymphs
  20 cane toads
  4 gargoyles
  11 naga magi
  2 torpor snails
  An ice statue (IceCv)
  A cane toad (shapeshifter) (D:13)
  Psyche (D:8)
  An efreet (D:13)
  12 komodo dragons
  An unseen horror (D:13)
  2 rime drakes
  10 ice devils
  A guardian mummy (Elf:1)
  2 freezing wraiths (IceCv)
  A queen bee (Lair:2)
  An anaconda simulacrum (IceCv)
  25 merfolk
  A queen bee (shapeshifter) (D:10)
  2 polar bears
  7 trolls
  A wolf spider simulacrum (D:14)
  3 wind drakes
  8 dream sheep
  Prince Ribbit (D:9)
  2 hornets
  16 blink frogs
  A centaur simulacrum (D:15)
  7 slime creatures
  9 snapping turtles
  2 air elementals (Elf:2)
  A shadow (D:10)
  3 wraiths
  7 water elementals
  4 wyverns
  3 dire elephant simulacra (IceCv)
  3 hogs (Shoals:2)
  68 yaks
  A vampire (D:13)
  5 basilisks
  A fire elemental (Elf:1)
  A hog (shapeshifter) (D:13)
  2 steam dragons
  5 vampire mosquitoes
  A warg (Orc:2)
  3 harpy simulacra (IceCv)
  Edmund (D:5)
  5 death yak simulacra (IceCv)
  39 nagas
  An acid dragon (D:11)
  13 water moccasins
  37 orc warriors
  An ice beast (D:8)
  3 black bears
  A sky beast (D:8)
  13 wolves
  5 ogres
  20 centaurs
  5 kobold brigands
  10 bullfrogs
  A gnoll sergeant (D:10)
  2 scorpions
  4 cane toad simulacra (IceCv)
  2 two-headed ogre simulacra (IceCv)
  4 earth elementals
  11 wights (D:8)
  2 elephant simulacra (IceCv)
  35 killer bees
  5 vampire bats (Bailey)
  3 howler monkeys (D:9)
  4 electric eels
  5 wolf zombies (Bailey)
  2 hounds
  A jelly (Lair:5)
  16 orc priests
  A gnoll bouda (D:9)
  3 iguanas
  14 orc wizards
  A sleepcap (D:7)
  3 polar bear simulacra (IceCv)
  A spriggan simulacrum (IceCv)
  5 wolf simulacra (IceCv)
  15 gnolls
  5 adders
  A naga simulacrum (IceCv)
  15 orc zombies (Bailey)
  4 shadow imps
  6 white imps
  3 ufetubi
  2 worms (D:3)
  5 dart slugs
  72 orcs
  3 endoplasms
  5 giant cockroaches
  6 goblins
  6 hobgoblins
  30 kobolds
  2 quokkas
  4 ball pythons
  5 bats
  2 rats
  A butterfly (Lair:1)
  2 tentacles
1155 creatures vanquished.

Vanquished Creatures (collateral kills)
  A nagaraja (Snake:4)
  A fire giant (Depths:1)
  A deep elf sorcerer (Elf:1)
  An ettin (D:15)
  An ogre mage (D:15)
  A two-headed ogre (D:15)
  2 dancing weapons (Elf:1)
  A naga warrior (Snake:1)
  A tengu warrior (D:13)
  A death yak (Shoals:2)
  A deep elf knight (Elf:1)
  A naga ritualist (Snake:4)
  2 salamander mystics
  4 deep elf zephyrmancers
  An ugly thing (Depths:1)
  A mana viper (Snake:1)
  An elephant (Lair:4)
  A salamander (Snake:4)
  A black mamba (Lair:5)
  2 ice devils (IceCv)
  A freezing wraith (IceCv)
  A wind drake (Lair:2)
  A dire elephant simulacrum (IceCv)
  A shadow (D:12)
  A wyvern (Lair:2)
  4 yaks
  A naga (Snake:4)
  A hydra simulacrum (IceCv)
  A water moccasin (Lair:5)
  2 bullfrogs
  A jelly (D:6)
  2 gnoll boudas
  An iguana (D:3)
  A polar bear simulacrum (IceCv)
  5 gnolls
  An ufetubus (IceCv)
  An orc (D:3)
  A tentacle (Shoals:4)
53 creatures vanquished.

Vanquished Creatures (others)
  A fire giant (Depths:1)
  4 deep elf knights
  2 deep elf zephyrmancers
  A fire elemental (Elf:2)
  2 orc warriors (Elf:2)
  2 orc wizards (D:13)
  An orc (Orc:2)
  A demonic plant (D:5)
  62 fungi
  181 plants
  23 tentacles
280 creatures vanquished.

Grand Total: 1488 creatures vanquished

Notes
Turn   | Place    | Note
-------+----------+-------------------------------------------
     0 | D:1      | bakla the Demonspawn Brigand began the quest for the Orb.
     0 | D:1      | Reached XP level 1. HP: 16/16 MP: 1/1
    68 | D:1      | Reached skill level 1 in Dodging
   274 | D:1      | Gained mutation: A weak demonic guardian rushes to your
                  | aid. [demonic ancestry]
   274 | D:1      | Reached XP level 2. HP: 17/22 MP: 2/2
  1332 | D:2      | Gained mutation: A demonic guardian rushes to your aid.
                  | [demonic ancestry]
  1332 | D:2      | Reached XP level 3. HP: 28/28 MP: 3/3
  1831 | D:3      | Reached skill level 4 in Stealth
  1831 | D:3      | Gained mutation: You have sharp fingernails. [demonic
                  | ancestry]
  1831 | D:3      | Reached XP level 4. HP: 21/34 MP: 4/4
  2300 | D:3      | Reached XP level 5. HP: 40/40 MP: 5/5
  2515 | D:4      | Noticed an ogre
  2542 | D:4      | Killed an ogre
  2543 | D:4      | Reached XP level 6. HP: 47/47 MP: 6/6
  2717 | D:4      | Gained mutation: You have an increased reservoir of magic.
                  | (+10% MP) [potion of mutation]
  2717 | D:4      | Gained mutation: You are agile. (Dex +4, Str/Int -1)
                  | [potion of mutation]
  2717 | D:4      | Gained mutation: Your flesh is heat resistant. (rF+)
                  | [potion of mutation]
  3874 | D:5      | Entered Level 5 of the Dungeon
  3874 | D:5      | Found an ornate altar of the Wu Jian Council.
  3895 | D:5      | Became a worshipper of the Wu Jian Council
  4009 | D:5      | Found a staircase to the Ecumenical Temple.
  4010 | D:5      | Noticed Edmund
  4010 | D:5      | Noticed a water moccasin
  4017 | D:5      | Killed Edmund
  4018 | D:5      | Reached skill level 5 in Stealth
  4018 | D:5      | Gained mutation: You have very sharp fingernails. [demonic
                  | ancestry]
  4018 | D:5      | Reached XP level 7. HP: 53/53 MP: 7/7
  4065 | D:5      | Reached skill level 5 in Short Blades
  4697 | D:5      | Gained mutation: You are partially covered in yellow
                  | scales. (AC +2) [demonic ancestry]
  4697 | D:5      | Reached XP level 8. HP: 61/61 MP: 8/8
  4803 | D:5      | Noticed Grinder
  5016 | D:6      | Found a shimmering altar of Xom.
  5420 | D:6      | Noticed a deep elf zephyrmancer
  5423 | D:6      | Killed a deep elf zephyrmancer
  5424 | D:6      | Reached skill level 5 in Fighting
  5424 | D:6      | Reached skill level 6 in Stealth
  5430 | D:6      | Identified the +4 falchion of Malaise {drain, Dex+3}
  5539 | D:6      | Reached * piety under Wu Jian
  5755 | D:7      | Found a burning altar of Makhleb.
  5782 | D:7      | Found Enaeng's Antique Armour Boutique.
  5793 | D:7      | Bought an embroidered scarf for 216 gold pieces
  5821 | D:7      | Found a flagged portal.
  5918 | Bailey   | Entered a bailey
  5992 | Bailey   | Reached XP level 9. HP: 55/68 MP: 9/9
  6159 | Bailey   | Noticed a gargoyle
  6170 | Bailey   | Killed a gargoyle
  6171 | Bailey   | Reached skill level 5 in Dodging
  6564 | D:7      | Reached ** piety under Wu Jian
  6953 | D:8      | Reached skill level 7 in Stealth
  7213 | D:8      | Noticed Maurice
  7231 | D:8      | Killed Maurice
  7232 | D:8      | Gained mutation: You have claws for hands. [demonic
                  | ancestry]
  7232 | D:8      | Reached XP level 10. HP: 70/77 MP: 11/11
  7273 | D:8      | Noticed Pikel
  7297 | D:8      | Killed Pikel
  7494 | D:8      | Reached *** piety under Wu Jian
  7576 | D:8      | Noticed Psyche
  7577 | D:8      | Killed Psyche
  7677 | D:9      | Noticed Gastronok
  7687 | D:9      | Reached skill level 8 in Stealth
  7709 | D:9      | Killed Gastronok
  7834 | D:9      | Noticed a green ugly thing
  8082 | D:9      | Killed a green ugly thing
  8083 | D:9      | Reached skill level 10 in Short Blades
  8141 | D:9      | Gained mutation: You regenerate magic rapidly. [demonic
                  | ancestry]
  8141 | D:9      | Reached XP level 11. HP: 86/86 MP: 12/12
  8190 | D:9      | Noticed Prince Ribbit
  8207 | D:9      | Killed Prince Ribbit
  8265 | D:9      | Found a staircase to the Orcish Mines.
  8442 | D:9      | Found a snail-covered altar of Cheibriados.
  8695 | D:10     | Entered Level 10 of the Dungeon
  8695 | D:10     | Noticed a two-headed ogre
  8705 | D:10     | Killed a two-headed ogre
  9085 | D:10     | Reached **** piety under Wu Jian
  9156 | D:10     | Reached skill level 9 in Stealth
  9294 | D:10     | Found a blossoming altar of Fedhas.
  9306 | D:10     | Found a stormy altar of Qazlal.
  9313 | D:10     | Found a basalt altar of Yredelemnul.
  9320 | D:10     | Found a shadowy altar of Dithmenos.
  9327 | D:10     | Found a radiant altar of Vehumet.
  9335 | D:10     | Found a sparkling altar of Nemelex Xobeh.
  9342 | D:10     | Found an iron altar of Okawaru.
  9535 | D:10     | Noticed an entropy weaver
  9536 | D:10     | Noticed a boulder beetle
  9545 | D:10     | Killed a boulder beetle
  9668 | D:10     | an entropy weaver changed into something unseen
 10054 | D:11     | Found Ilezxuunu's Jewellery Shoppe.
 10126 | D:11     | Noticed a boulder beetle
 10375 | D:11     | Reached skill level 10 in Stealth
 10420 | D:11     | Killed a boulder beetle
 10641 | D:11     | Noticed a two-headed ogre
 10655 | D:11     | Found a staircase to the Lair.
 10681 | D:11     | Killed a two-headed ogre
 10682 | D:11     | Reached XP level 12. HP: 97/97 MP: 13/13
 10992 | D:12     | Reached skill level 10 in Fighting
 11141 | D:12     | Noticed a two-headed ogre
 11199 | D:12     | Killed a two-headed ogre
 11203 | D:12     | Noticed a boulder beetle
 11228 | D:12     | Killed a boulder beetle
 11343 | D:12     | Noticed a two-headed ogre
 11400 | D:12     | Killed a two-headed ogre
 11579 | Lair:1   | Entered Level 1 of the Lair of Beasts
 11643 | Lair:1   | Reached skill level 11 in Stealth
 11779 | Lair:1   | Reached skill level 10 in Dodging
 11814 | Lair:1   | You fall into a shaft and drop 1 floor!
 12172 | D:11     | Bought an amulet of regeneration for 420 gold pieces
 13179 | Lair:2   | Reached XP level 13. HP: 95/106 MP: 14/14
 13319 | Lair:2   | Reached skill level 12 in Stealth
 13799 | Lair:2   | Found a staircase to the Shoals.
 14528 | Lair:3   | Reached skill level 1 in Spellcasting
 14536 | Lair:3   | Reached skill level 1 in Transmutations
 14605 | Lair:3   | Reached ***** piety under Wu Jian
 14629 | Lair:3   | Identified the +5 scale mail of the Vestibule of Hell
                  | {Will+ Str+3}
 14919 | Lair:3   | Learned a level 2 spell: Wereblood
 14932 | Lair:3   | Found a staircase to the Snake Pit.
 15601 | Lair:4   | Found a radiant altar of Vehumet.
 15800 | Lair:4   | Found a frozen archway.
 15807 | IceCv    | Entered an ice cave
 16152 | IceCv    | Reached skill level 13 in Stealth
 16582 | IceCv    | Reached XP level 14. HP: 94/116 MP: 21/21
 16814 | IceCv    | Found an ancient bone altar of Kikubaaqudgha.
 16990 | IceCv    | Identified the ring "Ytsu" {rN+ Slay+2}
 17707 | Lair:5   | Entered Level 5 of the Lair of Beasts
 18578 | Lair:5   | Reached skill level 5 in Spellcasting
 18587 | Lair:5   | Reached skill level 5 in Transmutations
 18629 | Lair:5   | Found a staircase to the Slime Pits.
 19329 | Lair:5   | Reached skill level 14 in Stealth
 19572 | Lair:5   | Reached XP level 15. HP: 123/125 MP: 24/24
 19822 | Lair:5   | Identified the +3 ring mail "Suekh" {rF++ Stlth-}
 20265 | D:13     | Reached ****** piety under Wu Jian
 20505 | Orc:1    | Entered Level 1 of the Orcish Mines
 20532 | Orc:1    | You fall into a shaft and drop 1 floor!
 20532 | Orc:2    | Entered Level 2 of the Orcish Mines
 20559 | Orc:2    | Found a staircase to the Elven Halls.
 20658 | Orc:2    | Found Usyarril's Distillery.
 20658 | Orc:2    | Found Cadiug's Jewellery Emporium.
 20660 | Orc:2    | Found Ygih's Weapon Boutique.
 20662 | Orc:2    | Found Juophas's Armour Shoppe.
 20667 | Orc:2    | Bought a potion of haste for 150 gold pieces
 20667 | Orc:2    | Bought a potion of heal wounds for 75 gold pieces
 20717 | Orc:2    | Found Robrob's Magic Scroll Boutique.
 20720 | Orc:2    | Bought a scroll of enchant armour for 82 gold pieces
 20720 | Orc:2    | Bought a scroll of magic mapping for 82 gold pieces
 20720 | Orc:2    | Bought a scroll of magic mapping for 82 gold pieces
 21894 | D:13     | Reached skill level 15 in Stealth
 21947 | D:13     | Identified the amulet of Uloukk {Spirit Rampage Will+
                  | rCorr}
 22357 | D:13     | Found a gate to the Vaults.
 22944 | D:14     | Reached skill level 15 in Fighting
 23166 | D:14     | Identified the +0 scale mail of the Storm King {Dex+4}
 23404 | D:15     | Entered Level 15 of the Dungeon
 23531 | D:15     | Found a staircase to the Depths.
 23623 | D:15     | Found a blossoming altar of Fedhas.
 23670 | D:15     | Paralysed by an ogre mage for 3 turns
 23886 | D:15     | Gained mutation: When hurt, damage is shared between your
                  | health and your magic reserves. [demonic ancestry]
 23886 | D:15     | Reached XP level 16. HP: 136/136 MP: 25/25
 24547 | D:11     | Bought a ring of poison resistance for 280 gold pieces
 24628 | Snake:1  | Entered Level 1 of the Snake Pit
 24792 | Snake:1  | Reached skill level 16 in Stealth
 25143 | Orc:2    | Bought the +3 salamander hide armour {Flames, rFlCloud rF++
                  | rC--} for 552 gold pieces
 25143 | Orc:2    | Found the +3 salamander hide armour {Flames, rFlCloud rF++
                  | rC--}
 26138 | Snake:1  | Reached skill level 15 in Dodging
 26602 | Snake:2  | Identified the +1 kite shield of Lishrafuo {rN+}
 26638 | Snake:2  | Reached skill level 17 in Stealth
 27568 | Snake:3  | Reached skill level 18 in Stealth
 27984 | Snake:3  | Gained mutation: When low on magic, you restore magic in
                  | place of health. [demonic ancestry]
 27984 | Snake:3  | Reached XP level 17. HP: 142/142 MP: 23/26
 28243 | Snake:4  | Entered Level 4 of the Snake Pit
 28300 | Snake:4  | Reached skill level 19 in Stealth
 28681 | Snake:4  | Reached skill level 20 in Stealth
 28682 | Snake:4  | Reached skill level 1 in Invocations
 28698 | Snake:4  | Reached skill level 5 in Invocations
 28711 | Snake:4  | Noticed Vashnia
 28755 | Snake:4  | HP: 6/142 [Vashnia/bolt (28)]
 28758 | Snake:4  | Killed Vashnia
 29481 | Snake:4  | Found Viusheul's Self-Improvement Boutique.
 29506 | Snake:4  | Reached skill level 10 in Invocations
 29688 | Snake:4  | Got a serpentine rune of Zot
 30024 | Elf:1    | Entered Level 1 of the Elven Halls
 30335 | Elf:1    | Noticed Zenata
 30378 | Elf:1    | Killed Zenata
 30829 | Elf:1    | Found a portal to a secret trove of treasure.
 30854 | Elf:1    | Gained mutation: You are mostly covered in yellow scales.
                  | (AC +3) [demonic ancestry]
 30854 | Elf:1    | Reached XP level 18. HP: 139/143 MP: 28/30
 31334 | Elf:1    | Identified the +3 ring mail "Cacka" {rElec rC- Will+}
 32110 | Elf:2    | Paralysed by an air elemental for 1 turns
 32205 | Elf:2    | Reached skill level 15 in Invocations
 32880 | Elf:3    | Entered Level 3 of the Elven Halls
 33238 | Elf:2    | Found a runed translucent gate.
 33240 | Elf:2    | Found a runed translucent gate.
 33240 | Elf:2    | Found a runed translucent gate.
 33518 | Depths:1 | Entered Level 1 of the Depths
 33727 | Depths:1 | Found a flickering gateway to a bazaar.
 33731 | Bazaar   | Entered a bazaar
 33733 | Bazaar   | Found Waath's General Store.
 33737 | Bazaar   | Found Jimoej's Jewellery Boutique.
 33737 | Bazaar   | Found Cufo's Armour Boutique.
 33738 | Bazaar   | Found Zeikach's Book Boutique.
 33771 | Bazaar   | Bought 2 potions of might for 72 gold pieces
 33771 | Bazaar   | Bought a scroll of magic mapping for 67 gold pieces
 33911 | Depths:1 | Found an iron altar of Okawaru.
 34103 | Depths:1 | Found a transporter.
 34115 | Depths:1 | Noticed a juggernaut
 34117 | Depths:1 | Found a transporter.
 34167 | Depths:1 | Reached skill level 1 in Armour
 34242 | Depths:1 | Found a one-way gate to the infinite horrors of the Abyss.
 34584 | Shoals:1 | Entered Level 1 of the Shoals
 34592 | Shoals:1 | Identified a scroll of acquirement
 34593 | Shoals:1 | Acquired a +2 rapier of distortion
 34681 | Shoals:1 | Noticed Donald
 34700 | Shoals:1 | Banished Donald
 34746 | Shoals:1 | Found Igaagh's Mayhem Merchandise.
 35515 | Shoals:2 | Noticed Ilsuiw
 35553 | Shoals:2 | Found Zoiploma's Island Escapes.
 35560 | Shoals:2 | Noticed Kirke
 35590 | Shoals:2 | Banished Kirke
 35722 | Shoals:2 | Noticed Polyphemus
 35731 | Shoals:2 | Killed Polyphemus
 35840 | Shoals:2 | Reached XP level 19. HP: 155/155 MP: 35/35
 36053 | Shoals:2 | Banished Ilsuiw
 37157 | Shoals:4 | Entered Level 4 of the Shoals
 37283 | Shoals:4 | Noticed Nikola
 37297 | Shoals:4 | Found Qoladgh's Distillery.
 37297 | Shoals:4 | Killed Nikola
 37327 | Shoals:4 | Noticed Bai Suzhen
 37337 | Shoals:4 | Killed Bai Suzhen
 37341 | Shoals:4 | Bought a potion of might for 44 gold pieces
 37341 | Shoals:4 | Bought a potion of might for 44 gold pieces
 37341 | Shoals:4 | Bought a potion of heal wounds for 55 gold pieces
 37341 | Shoals:4 | Bought a potion of invisibility for 88 gold pieces
 37341 | Shoals:4 | Bought a potion of ambrosia for 88 gold pieces
 37430 | Shoals:4 | Identified the staff of earth "Elabbit" {rN+ MP-9 Dex+2}
 37656 | Shoals:4 | Noticed Aizul
 37660 | Shoals:4 | Killed Aizul
 37799 | Shoals:4 | Found Jac Oce's Overcharged Wands.
 37879 | Shoals:4 | Got Sif Muna's Quarto of the Sky
 38074 | Shoals:4 | Got a barnacled rune of Zot
 38253 | Lair:2   | Upgraded the game from 0.31-a0-4-gefa6de2278 to
                  | 0.31-a0-7-g51783674b7
 38253 | Lair:2   | Quit the game

Illustrated notes

Levels and vault maps discovered:
D:1:      dpeg_arrival_rooms_a, layout_loops_ring
D:2:      layout_basic
D:3:      layout_loops_ring, kennysheep_generic_room_3
D:4:      layout_rooms, hangedman_glass_teeth, nicolae_grassy_gnolls
D:5:      layout_loops_ring, mainiacjoe_overflow_small_starburst,
          minmay_temple_entry_offerings, serial_demonic, serial_demonic_b,
          serial_demonic_g, serial_demonic_d, serial_demonic_f,
          minmay_misc_feat_hallway, roderic_roman_lattice, uniq_edmund,
          uniq_grinder
D:6:      layout_basic, mainiacjoe_overflow_concentric_impassable,
          guppyfry_early_elven_hall
D:7:      layout_loops_ring, kennysheep_little_box, serial_shops,
          nicolae_shop_dealshenge, enter_bailey_8
D:8:      layout_rooms, uniq_psyche, uniq_maurice, uniq_pikel
D:9:      layout_roguey, pf_just_have_faith, erik_orc_4, fountainhead,
          billiards_dpeg, uniq_prince_ribbit1, uniq_gastronok
D:10:     minmay_chambers_of_sixes, layout_stronghold,
          grunt_temple_overflow_octagram
D:11:     layout_long_grid, grunt_lair_entry_orc_guard_hut, serial_shops,
          nicolae_stop_n_shop_2
D:12:     layout_rooms
D:13:     layout_basic, david_vaults_4, hangedman_aviary
D:14:     layout_loops_corners, minmay_strange_pillars
D:15:     hangedman_depths_entry_civil_slaughter, layout_long_grid,
          fedhas_altar_1, chequers_hall_statues_y, minivault_23
Lair:1:   layout_layer_cave, beast_lair_carwin_5, lemuel_fruit_fields,
          grunt_megastairs_1
Lair:2:   regret_index_harrowing_hell_hive, layout_regular_city,
          minmay_shoals_entry_beasts, chequers_serial_rivers_micro_a,
          cheibrodos_lair_reptile_den, lemuel_fruit_tree
Lair:3:   layout_cave_pods, guppyfry_snake_entry_garden, grunt_megastairs_3
Lair:4:   layout_hall_layers, portal_ice_cave_demonic_guard, basic_altar,
          wad_woods_road_02, lemuel_centaur_altar
Lair:5:   evilmike_catoblepas_cave, layout_loops_ring,
          minmay_slime_entry_pillars, serial_bayou_lagoon_a,
          chequers_serial_rivers_micro_a
Shoals:1: layout_shoals, ldierk_geyser, minmay_shop_mayhem, uniq_donald
Shoals:2: layout_shoals, nicolae_island_escapes, uniq_polyphemus, uniq_kirke,
          uniq_ilsuiw
Shoals:3: layout_shoals
Shoals:4: shoals_end_hangedman, layout_shoals, serial_shops,
          nicolae_shop_industrial_runoff, nicolae_shop_overcharged_wands,
          uniq_aizul, uniq_bai_suzhen, uniq_nikola
Snake:1:  layout_chambers, grunt_ministairs_8
Snake:2:  layout_grid_maze, grunt_ministairs_6, nicolae_integral_box
Snake:3:  layout_misc_corridors, grunt_megastairs_2
Snake:4:  johnstein_snake_rune_scales, layout_cave_town, nicolae_shop_self_help
Orc:1:    layout_diamond_mine
Orc:2:    st_orc_rangers, layout_diamond_mine, serial_shops,
          nicolae_shop_real_fake_doors, elves_outpost_lemuel
Elf:1:    eino_elf_arrival_customs, layout_onion_city,
          nicolae_trove_entry_path_of_doom, evilmike_minifort, uniq_zenata
Elf:2:    nicolae_elf_blades_crystal_corner, layout_loops_corners
Elf:3:    minmay_elf_hall_circle, layout_gridlike
Depths:1: gammafunk_sealed_arena, layout_gridville, nicolae_hexahallways,
          serial_shops, bzr_in_the_mist, hell_entry, abyss_entry_glasseish,
          okawaru_ov_weapons_minmay

Skill      XL: |  1  2  3  4  5  6  7  8  9 10 11 12 13 14 15 16 17 18 19 |
---------------+----------------------------------------------------------+-----
Dodging        | 1 2 3 4 5 7 9 10 11 12 14 15 | 15.0
Short Blades   | 2 3 4 5 6 8 10 11 14 | 14.0
Stealth        | 4 5 6 7 8 10 11 13 14 15 18 20 | 20.0
Fighting       | 3 4 5 6 7 9 11 12 13 15 | 15.0
Spellcasting   | 3 5 |  5.0
Transmutations | 3 5 |  5.0
Invocations    | 12 18 | 18.3
Armour         | 1 |  1.4
Throwing       | |  1.7

Action                     |  1- 3 |  4- 6 |  7- 9 | 10-12 | 13-15 | 16-18 | 19-21 || total
---------------------------+-------+-------+-------+-------+-------+-------+-------++-------
  Melee: Dagger            |   107 |   167 |   500 |    87 |    73 |       |       ||   934
         Punch             |     1 |     3 |     8 |    17 |    13 |       |       ||    42
         Short sword       |       |       |    27 |  1032 |  3233 |  2278 |       ||  6570
         Scimitar          |       |       |       |       |     6 |       |       ||     6
         Rapier            |       |       |       |       |       |   240 |   310 ||   550
  Throw: Dart              |    12 |    37 |    41 |    40 |    58 |    33 |       ||   221
         Throwing net      |       |       |       |     3 |     6 |     1 |       ||    10
   Cast: Wereblood         |       |       |       |       |    17 |    48 |     8 ||    73
 Invoke: Serpent's Lash    |       |       |       |    12 |    26 |    36 |    14 ||    88
         Heavenly Storm    |       |       |       |       |     1 |     1 |       ||     2
Ability: Lunge             |       |     2 |    30 |    71 |   125 |   187 |    59 ||   474
         Whirlwind         |       |       |    17 |   165 |   754 |   650 |    82 ||  1668
         Wall Jump         |       |       |       |       |     2 |       |       ||     2
  Evoke: Wand              |       |       |     4 |    10 |    38 |     7 |     2 ||    61
         Phantom mirror    |       |       |       |       |     1 |     2 |     1 ||     4
    Use: Scroll            |     6 |     6 |     9 |    10 |    11 |    18 |     4 ||    64
         Potion            |       |     1 |     2 |     1 |     3 |    13 |    10 ||    30
   Stab: Sleeping          |     6 |     3 |    16 |    43 |    40 |    63 |    36 ||   207
         Invisible         |       |       |     2 |     2 |    15 |       |     2 ||    21
         Paralysed         |       |       |     1 |     2 |       |       |       ||     3
         Held in net/web   |       |       |       |     5 |     6 |     1 |       ||    12
         Distracted        |       |       |       |     1 |    14 |     9 |       ||    24
         Petrified         |       |       |       |       |       |     3 |       ||     3
 Armour: Robe              |     1 |       |       |       |       |       |       ||     1
         Ring mail         |    22 |    29 |    50 |    33 |       |    41 |       ||   175
         Troll leather arm |       |       |       |    35 |   233 |    48 |    25 ||   341
         Scale mail        |       |       |       |       |    24 |    34 |       ||    58
         Leather armour    |       |       |       |       |       |    46 |       ||    46
  Dodge: Dodged            |    74 |   120 |   365 |   534 |  2016 |  1265 |   198 ||  4572
  Block: Other             |       |       |    24 |    83 |       |       |       ||   107
         Reflection        |       |       |       |     6 |       |       |       ||     6
         Buckler           |       |       |       |       |   303 |   345 |    48 ||   696

Table legend: (Time is in decaauts)
 A = Elapsed time spent in this place.
 B = Non-inter-level travel time spent in this place.
 C = Inter-level travel time spent in this place.
 D = Time resting spent in this place.
 E = Time spent auto-exploring this place.
 F = Levels seen in this place.
 G = Mean time per level.
                   A        B        C        D        E       F      G
               +--------+--------+--------+--------+--------+-----+--------+
         Total |  36526 |  32905 |   3621 |   3263 |  18544 |  37 |  987.2 |
       Dungeon |  14375 |  12893 |   1482 |   1198 |   7861 |  15 |  958.3 |
          Lair |   7082 |   6068 |   1014 |    496 |   3424 |   5 | 1416.4 |
        Shoals |   3636 |   3415 |    221 |    194 |   2108 |   4 |  909.0 |
     Snake Pit |   4728 |   4478 |    250 |    484 |   2744 |   4 | 1182.0 |
  Orcish Mines |   1160 |    952 |    208 |      0 |    612 |   2 |  580.0 |
   Elven Halls |   3114 |   2802 |    312 |    413 |   1325 |   3 | 1038.0 |
        Depths |    816 |    683 |    133 |    116 |    244 |   1 |  816.0 |
        Bazaar |     52 |     52 |      0 |      0 |     26 |   1 |   52.0 |
        Bailey |    439 |    439 |      0 |    161 |     21 |   1 |  439.0 |
      Ice Cave |   1119 |   1119 |      0 |    201 |    178 |   1 | 1119.0 |
               +--------+--------+--------+--------+--------+-----+--------+

Top non-repeatable levels by time:
   Elf:1: 1863 daAuts
  Lair:2: 1762 daAuts
 Snake:4: 1469 daAuts
 Snake:1: 1409 daAuts
  Lair:5: 1407 daAuts
    D:10: 1379 daAuts
  Lair:4: 1356 daAuts
  Lair:1: 1320 daAuts
     D:3: 1307 daAuts
  Lair:3: 1235 daAuts
    D:11: 1179 daAuts
   IceCv: 1119 daAuts
 Snake:2: 1095 daAuts
     D:9: 1058 daAuts
    D:15: 1051 daAuts
